 Dungeon Crawl Stone Soup version 0.27.1-1-g398f81649c (webtiles) character file.

Game seed: 2214569226394893596

1108 MajorAdolf the Skirmisher (level 8, -1/81 HPs)
             Began as a Naga Wanderer on Sept 5, 2021.
             Slain by Duvessa (5 damage)
             ... on level 5 of the Dungeon.
             The game lasted 00:14:31 (7018 turns).

MajorAdolf the Skirmisher (Naga Wanderer)           Turns: 7018, Time: 00:14:31

Health: -1/81      AC:  6    Str: 13    XL:     8   Next: 33%
Magic:  8/8        EV:  9    Int: 16    God:
Gold:   164        SH:  0    Dex: 11    Spells: 7/7 levels left

rFire    . . .     SeeInvis +   B - +1 dagger (elec)
rCold    . . .     Faith    .   (no shield)
rNeg     . . .     Spirit   .   C - +0 robe
rPois    +         Reflect  .   k - +2 hat
rElec    .         Harm     .   (no cloak)
rCorr    .         Rampage  .   t - +0 pair of gloves
Will     ++...                  (no barding)
Stlth    +++.......             (no amulet)
HPRegen  0.23/turn              z - ring of willpower
MPRegen  0.11/turn              (no ring)

@: hasted, quick
A: AC +2, large, see invisible, deformed body, poison resistance, slowness 2,
spit poison 1, naga tail 1
a: Spit Poison


You were on level 5 of the Dungeon.
You visited 1 branch of the dungeon, and saw 5 of its levels.

You collected 164 gold pieces.

Inventory:

Hand Weapons
 d - a +0 shortbow
 m - a +0 dagger
 v - a +0 quarterstaff
 w - a +2 dagger of venom
 B - a +1 dagger of electrocution (weapon)
Missiles
 a - 39 arrows
 b - a throwing net (quivered)
 j - 76 stones
 q - 64 sling bullets
 r - 39 poisoned darts
Armour
 k - a +2 hat (worn)
 t - a +0 pair of gloves (worn)
 C - a +0 robe (worn)
Jewellery
 z - a ring of willpower (left hand)
Scrolls
 e - a scroll of brand weapon {unknown}
 f - 2 scrolls of teleportation
 h - 4 scrolls of identify {unknown}
 i - a scroll of acquirement {unknown}
 l - a scroll of enchant armour {unknown}
 x - 2 scrolls of fog {unknown}
Potions
 c - a potion of degeneration {unknown}
 g - a potion of ambrosia {unknown}
 n - 2 potions of attraction {unknown}
 o - a potion of mutation {unknown}
 s - a potion of invisibility {unknown}
 u - a potion of might {unknown}
 A - a potion of heal wounds {unknown}


   Skills:
 + Level 7.8 Fighting
 - Level 1.0 Axes
 + Level 2.5 Bows
 - Level 3.0 Throwing
 - Level 1.0 Armour
 - Level 1.0 Dodging
 - Level 7.0 Stealth
 - Level 2.0 Unarmed Combat


You had 7 spell levels left.
You didn't know any spells.
Your spell library was empty.

Dungeon Overview and Level Annotations

Branches:
Dungeon (5/15)
 Temple: D:4-7

Altars:
Ru

Annotations:
D:1 exclusion: downstairs
D:3 exclusion: orc priest
D:5 Duvessa


Innate Abilities, Weirdness & Mutations

Your serpentine skin is tough. (AC +2)
You have supernaturally acute eyesight. (SInv)
Armour fits poorly on your strangely shaped body.
Your system is resistant to poisons. (rPois)
You cover ground very slowly.
You can spit poison.
You have a snake-like lower body.


Message History

The centaur zombie hits you but does no damage.
The centaur zombie barely misses you.
You hit the centaur zombie.
The centaur zombie is severely damaged.
The centaur zombie barely misses you. The centaur zombie kicks you.
You hit the centaur zombie but do no damage.
The centaur zombie is severely damaged.
The centaur zombie barely misses you. x2
You hit the centaur zombie but do no damage.
The centaur zombie is severely damaged.
The centaur zombie hits you but does no damage.
The centaur zombie kicks you but does no damage.
The centaur zombie hits you. The centaur zombie barely misses you.
You hit the centaur zombie.
The centaur zombie is severely damaged.
The centaur zombie barely misses you. The centaur zombie kicks you.
You hit the centaur zombie.
The centaur zombie is almost destroyed.
The centaur zombie hits you.
* * * LOW HITPOINT WARNING * * *
The centaur zombie kicks you but does no damage.
You hit the centaur zombie.
You destroy the centaur zombie!
Items here: )) ††.
Okay, then.
Duvessa drinks a potion.
Duvessa seems to speed up.
Duvessa closely misses you.
Duvessa is nearby!
You feel yourself speed up.
Duvessa hits you with a +2 short sword of speed!
* * * LOW HITPOINT WARNING * * *
Duvessa hits you with a +2 short sword of speed!
* * * LOW HITPOINT WARNING * * *
Unknown command.
You hit Duvessa but do no damage. Lightning courses through Duvessa!
Duvessa is heavily wounded.
Duvessa hits you with a +2 short sword of speed.
* * * LOW HITPOINT WARNING * * *
Duvessa hits you with a +2 short sword of speed.
You die...

#....# ####............
##<### ###.......... #.#
#.......... #.#
##..#.###### #.# #.>...##
#.# #####..#.....# #.#
#######......##.##.# #.#
#.......####.##.# ..# #.#
#....@######....# #.. #.#
#.....e.).......###.# #.#
#.....######........# #.#
############....###.# #.##
#.........# #.##
#..########..#####...###...
##........ ####..........#
#.##########....<....##..#
#.###..........##....###.#


You could see Duvessa (fast).

Vanquished Creatures
  A necrophage (D:5)
  An ogre (D:5)
  2 centaurs
  4 scorpions
  2 centaur zombies (D:5)
  2 hounds (D:4)
  A gnoll shaman (D:4)
  A bullfrog skeleton (D:5)
  An orc priest (D:4)
  An iguana (D:4)
  2 centaur skeletons
  An orc wizard (D:4)
  A hound skeleton (D:5)
  6 gnolls
  A howler monkey skeleton (D:4)
  4 adders
  A shadow imp (D:5)
  2 worms
  7 dart slugs
  3 orcs (D:4)
  5 endoplasms
  2 giant cockroaches (D:1)
  3 goblins
  6 hobgoblins
  5 jackals
  3 quokkas
  11 ball pythons
  9 bats
  5 frilled lizards
  6 kobolds
  6 rats
105 creatures vanquished.

Notes
Turn   | Place    | Note
-------+----------+-------------------------------------------
     0 | D:1      | MajorAdolf the Naga Wanderer began the quest for the Orb.
     0 | D:1      | MajorAdolf set off with the following items: a +0 hand axe,
                  | 2 throwing nets, a potion of lignification, a +0 leather
                  | armour, a +0 dagger
     0 | D:1      | Reached XP level 1. HP: 21/21 MP: 1/1
   607 | D:1      | Reached XP level 2. HP: 25/28 MP: 2/2
   688 | D:1      | Found a faded altar of an unknown god.
  1141 | D:1      | Reached XP level 3. HP: 34/34 MP: 3/3
  2088 | D:2      | Noticed a phantom
  2532 | D:2      | Noticed a scorpion
  2538 | D:2      | Killed a scorpion
  2539 | D:2      | Reached skill level 5 in Stealth
  2539 | D:2      | Reached XP level 4. HP: 44/44 MP: 4/4
  3142 | D:2      | You fall into a shaft and drop 1 floor!
  3379 | D:3      | Reached XP level 5. HP: 51/51 MP: 5/5
  4855 | D:4      | Reached skill level 1 in Throwing
  4855 | D:4      | Reached XP level 6. HP: 48/60 MP: 6/6
  4863 | D:4      | Reached skill level 5 in Fighting
  4993 | D:4      | Found a sacrificial altar of Ru.
  5033 | D:5      | Entered Level 5 of the Dungeon
  5622 | D:4      | Reached XP level 7. HP: 33/68 MP: 7/7
  6628 | D:5      | Noticed Duvessa
  6719 | D:5      | Reached XP level 8. HP: 54/80 MP: 8/8
  6942 | D:5      | Reached skill level 1 in Bows
  7018 | D:5      | HP: 4/81 [Duvessa (5)]
  7018 | D:5      | Slain by Duvessa

Illustrated notes

Levels and vault maps discovered:
D:1:      dpeg_chamrin_arrival_tetris, layout_basic,
          shapermc_ecumenical_altar_venn, st_stairs_5, columned_hall_lemuel
D:2:      layout_rooms, hangedman_decor_opposing
D:3:      layout_loops_ring
D:4:      layout_rooms, nicolae_ru_the_path_less_chosen, solitary_fountain
D:5:      cheibrodos_barr_body, layout_rooms, nicolae_overflow_crystal_walls,
          nzn_wu_jian_council_hall, minmay_temple_entry_tees, bh_walls_and_bars,
          uniq_duvessa

Skill      XL: |  1  2  3  4  5  6  7  8 |
---------------+-------------------------+-----
Stealth        | 4 5 6 7 |  7.0
Fighting       | 4 5 7 |  7.8
Throwing       | 1 2 3 |  3.0
Bows           | 2 |  2.5
Axes           | |  1.0
Armour         | |  1.0
Dodging        | |  1.0
Unarmed Combat | |  2.0

Action                   |  1- 3 |  4- 6 |  7- 9 || total
-------------------------+-------+-------+-------++-------
Melee: Hand axe          |    22 |       |       ||    22
       Dagger            |    39 |   101 |    83 ||   223
       Punch             |     2 |     1 |       ||     3
       Quarterstaff      |       |    30 |       ||    30
 Fire: Shortbow          |       |       |     5 ||     5
Throw: Stone             |     7 |    25 |    18 ||    50
       Boomerang         |       |    23 |    32 ||    55
       Dart              |       |     3 |       ||     3
       Throwing net      |       |       |     3 ||     3
 Abil: Spit Poison       |    31 |    43 |     5 ||    79
  Use: Scroll            |     1 |       |     1 ||     2
       Potion            |     1 |       |     1 ||     2
 Stab: Sleeping          |       |     1 |       ||     1
       Held in net/web   |       |       |     2 ||     2
Armor: Leather armour    |    28 |    74 |     3 ||   105
       Skin              |    18 |       |       ||    18
       Robe              |       |       |    51 ||    51
Dodge: Dodged            |    34 |    81 |    57 ||   172
